 Dungeon Crawl Stone Soup version 0.24.0-13-gcf9b319 (webtiles) character file.

Game seed: 4982917612415290289, levelgen mode: deterministic

31 Bronimir the Poker (level 3, -2/27 HPs)
             Began as a Demonspawn Gladiator on Apr 2, 2020.
             Slain by a gnoll
             ... wielding a +0 club
              (6 damage)
             ... on level 3 of the Dungeon.
             The game lasted 00:02:10 (1665 turns).

Bronimir the Poker (Demonspawn Gladiator)           Turns: 1665, Time: 00:02:10

Health: -2/27      AC:  5    Str: 15    XL:     3   Next: 7%
Magic:  3/3        EV: 12    Int:  9    God:
Gold:   35         SH:  0    Dex: 14    Spells: 2/2 levels left

rFire    . . .     SeeInvis .   a - +0 trident
rCold    . . .     Gourm    .   (no shield)
rNeg     . . .     Faith    .   m - +0 ring mail
rPois    .         Spirit   .   (helmet restricted)
rElec    .         Reflect  .   (no cloak)
rCorr    .         Harm     .   (no gloves)
MR       .....                  (no boots)
Stlth    +.........             (no amulet)
HPRegen  0.09/turn              (no ring)
MPRegen  0.08/turn              (no ring)

@: no status effects
A: antennae 1, claws 1
a: no special abilities


You were on level 3 of the Dungeon.
You were very hungry.

You visited 1 branch of the dungeon, and saw 3 of its levels.

You collected 35 gold pieces.

Inventory:

Hand Weapons
 a - a +0 trident (weapon)
Missiles
 d - 5 throwing nets (quivered)
 h - 24 stones
 i - 9 arrows
 p - 17 bolts
Armour
 b - a +0 leather armour
 c - a +0 helmet
 m - a +0 ring mail (worn)
Scrolls
 g - 2 scrolls of teleportation {unknown}
 j - a scroll of amnesia {unknown}
 l - 2 scrolls of enchant armour {unknown}
 n - 2 scrolls of magic mapping {unknown}
 o - 3 scrolls of remove curse {unknown}
Potions
 k - a potion of mutation {unknown}
Comestibles
 f - 3 rations


   Skills:
 * Level 2.2 Fighting
 * Level 3.2 Polearms
 + Level 1.8 Throwing
 * Level 0.5 Armour
 * Level 3.1 Dodging


You had 2 spell levels left.
You didn't know any spells.
Your spell library was empty.

Dungeon Overview and Level Annotations

Branches:
Dungeon (3/15)

Altars:


Innate Abilities, Weirdness & Mutations

You have a pair of small antennae on your head.
You have sharp fingernails.


Message History

You barely miss the gnoll.
The gnoll is severely wounded.
The gnoll hits you but does no damage. The gnoll misses you.
The gnoll hits you but does no damage. The gnoll closely misses you.
The gnoll barely misses you. The gnoll closely misses you.
The gnoll hits you with a +0 club. The gnoll barely misses you.
The gnoll hits you with a +0 spear. The gnoll barely misses you.
The gnoll hits you with a +0 club.
There is a stone staircase leading down here.
The gnoll misses you.
You climb downwards.
There is a stone staircase leading up here.
You hit the gnoll but do no damage. The gnoll barely misses you.
You barely miss the gnoll. The gnoll hits you but does no damage.
You closely miss the gnoll. The gnoll hits you with a +0 club!
* * * LOW HITPOINT WARNING * * *
You hit the gnoll but do no damage. The gnoll hits you with a +0 club.
You die... #####.# #@g...# #######

You could see a gnoll.

Vanquished Creatures
  A dart slug (D:1)
  A ball python (D:2)
  2 goblins (D:1)
  5 hobgoblins (D:1)
  4 jackals (D:1)
  4 kobolds (D:1)
  3 bats (D:1)
  2 frilled lizards (D:1)
  5 rats (D:1)
27 creatures vanquished.

Notes
Turn   | Place    | Note
-------+----------+-------------------------------------------
     0 | D:1      | Bronimir the Demonspawn Gladiator began the quest for the
                  | Orb.
     0 | D:1      | Reached XP level 1. HP: 16/16 MP: 1/1
   126 | D:1      | Gained mutation: You have a pair of small antennae on your
                  | head. [demonic ancestry]
   126 | D:1      | Reached XP level 2. HP: 11/22 MP: 2/2
  1297 | D:1      | Gained mutation: You have sharp fingernails. [demonic
                  | ancestry]
  1297 | D:1      | Reached XP level 3. HP: 27/27 MP: 3/3
  1665 | D:3      | Slain by a gnoll

Levels and vault maps discovered:
D:1:      giann_wishing_wells, layout_basic, minmay_tripent
D:2:      layout_basic, gammafunk_temple_overflow_claw, dk_xom_monty_hall,
          uniq_jessica, uniq_crazy_yiuf_cottage
D:3:      layout_basic

Skill      XL: |  1  2 |
---------------+-------+-----
Polearms       | 3 |  3.2
Dodging        | 3 |  3.1
Fighting       | |  2.2
Throwing       | |  1.8
Armour         | |  0.5

Action                   || total
-------------------------++-------
Melee: Trident           ||   110
  Use: Potion            ||     1
  Eat: Chunk             ||     1
Armor: Leather armour    ||    22
       Ring mail         ||    11
Dodge: Dodged            ||    97
